 Dungeon Sprint DCSS version 0.28-a0-461-g2dc4ca5097 (webtiles) character file.

Game seed: 3987607346447775142

186 MikeHunt the Magician (level 5, -16/35 HPs)
             Began as a Demonspawn Earth Elementalist on Sept 13, 2021.
             Demolished by an ice devil (17 damage)
             ... summoned by a kobold demonologist
             ... in the Dungeon (Sprint III: "The Ten Rune Challenge").
             The game lasted 00:01:49 (612 turns).

MikeHunt the Magician (DsEE)                         Turns: 612, Time: 00:01:49

Health: -16/35     AC:  2    Str:  8    XL:     5   Next: 38%
Magic:  2/14       EV: 12    Int: 19    God:
Gold:   11         SH:  0    Dex: 14    Spells: 14/18 levels left

rFire   . . .      SeeInvis .   (no weapon)
rCold   . . .      Faith    .   (no shield)
rNeg    . . .      Spirit   .   b - +0 robe
rPois   .          Reflect  .   (no helmet)
rElec   .          Harm     .   (no cloak)
rCorr   .          Rampage  .   (no gloves)
Will    .....      NoTele   +   (no boots)
Stlth   ++........              (no amulet)
HPRegen 0.11/turn               (no ring)
MPRegen 0.14/turn               (no ring)

@: no status effects
A: talons 1, clever 1, screaming 1
a: no special abilities


You were in the Dungeon.
You visited 1 branch You collected 11 gold pieces.

Inventory:

Missiles
 i - 8 stones
Armour
 b - a +0 robe (worn)
Scrolls
 h - 2 scrolls of blinking
 k - a scroll of holy word {unknown}
 l - a scroll of fog {unknown}
 o - a scroll of immolation {unknown}
Potions
 a - a potion of brilliance {unknown}
 c - a potion of curing
 d - a potion of heal wounds
 e - a potion of haste
 f - a potion of magic
 g - a potion of berserk rage
 j - 2 potions of attraction {unknown}
 m - a potion of lignification {unknown}
 n - 3 potions of mutation
 p - 2 potions of flight


   Skills:
 - Level 1.7 Dodging
 - Level 1.7 Stealth
 + Level 7.0 Spellcasting
 + Level 5.2 Conjurations
 - Level 0.8 Transmutations
 + Level 6.4 Earth Magic


You had 14 spell levels left.
You knew the following spells:

 Your Spells              Type           Power      Damage    Failure   Level
a - Sandblast             Erth           62%        2d14      1%          1
r - Stone Arrow           Conj/Erth      56%        3d10      2%          3

Your spell library contained the following spells:

 Spells                   Type           Power      Damage    Failure   Level
 Passwall                 Tmut/Erth      16%        N/A       3%          2
 Petrify                  Tmut/Erth      20%        N/A       22%         4


Dungeon Overview and Level Annotations

Branches:
Dungeon (1/1)

Altars:
Kikubaaqudgha
Sif Muna
Vehumet


Innate Abilities, Weirdness & Mutations

You have sharp toenails.
Your mind is acute. (Int +2)
You occasionally shout uncontrollably at your foes.


Message History

Casting: Sandblast (safe; 1% risk of failure)
Confirm with . or Enter, or press ? or * to list all spells.
Aiming: Stone Arrow (dangerous; 3% risk of failure)
Press: ? - help, Shift-Dir - straight line, f - wizard
Aim: a wizard, wielding a +0 dagger and wearing a +0 robe (asleep, 100% to hit)
The stone arrow hits the wizard!
You kill the wizard!
You hear a shout!
Your Spellcasting skill increases to level 7!
Your Conjurations skill increases to level 5!
A kobold demonologist comes into view. It is wielding a +0 dagger.
The kobold demonologist gestures wildly while chanting.
There is an open door here.
Casting: Stone Arrow (dangerous; 2% risk of failure)
Confirm with . or Enter, or press ? or * to list all spells.
Aiming: Stone Arrow (dangerous; 2% risk of failure)
Press: ? - help, Shift-Dir - straight line, f - kobold demonologist
Aim: a kobold demonologist, wielding a +0 dagger and wearing a +0 robe (60% to hit)
The stone arrow misses the kobold demonologist.
Casting: Stone Arrow (dangerous; 2% risk of failure)
Confirm with . or Enter, or press ? or * to list all spells.
Aiming: Stone Arrow (dangerous; 2% risk of failure)
Press: ? - help, Shift-Dir - straight line, p - kobold demonologist The stone arrow hits the kobold demonologist.
The kobold demonologist is heavily wounded.
The ice devil hits you! The ice devil freezes you!!
Ouch! That really hurt!
* * * LOW HITPOINT WARNING * * *
Casting: Stone Arrow (dangerous; 2% risk of failure)
Confirm with . or Enter, or press ? or * to list all spells.
Aiming: Stone Arrow (dangerous; 2% risk of failure)
Press: ? - help, Shift-Dir - straight line, f - kobold demonologist
Aim: a kobold demonologist, wielding a +0 dagger and wearing a +0 robe (heavily wounded, 60% to hit)
The stone arrow misses the kobold demonologist.
The kobold demonologist hits you with a +0 dagger.
* * * LOW HITPOINT WARNING * * *
The ice devil hits you.
* * * LOW HITPOINT WARNING * * *
The ice devil freezes you!
You die...

.#......#####..#
##....†..#..#..#
.##.##...#..#..###+#+###
.##.###..##'#..#........
####.##..###...'.⌠......
##..##..####...#...####
....##..###....#.⌠.#
#..##..)##.....#...#
..##....#......#@###
.###..##.#.....#K4.# .#
#.. ####....#___# ▓▓ ▓▓▓
▓▓▓▓▓▓▓▓▓▓


You could see an ice devil (summoned) and a kobold demonologist.

Vanquished Creatures
  A water elemental (D)
  A scorpion (D)
  Jessica (D)
  A wizard (D)
  A human (D)
  An endoplasm (D)
  2 rats (D)
8 creatures vanquished.

Vanquished Creatures (others)
  3 plants (D)
3 creatures vanquished.

Grand Total: 11 creatures vanquished

Notes
Turn   | Place    | Note
-------+----------+-------------------------------------------
     0 | D        | MikeHunt the Demonspawn Earth Elementalist began the quest
                  | for the Orb.
     0 | D        | Reached XP level 1. HP: 13/13 MP: 3/3
    70 | D        | Noticed Jessica
    75 | D        | Killed Jessica
    76 | D        | Reached skill level 4 in Spellcasting
    76 | D        | Gained mutation: You have sharp toenails. [demonic
                  | ancestry]
    76 | D        | Reached XP level 2. HP: 19/19 MP: 1/7
    76 | D        | Reached XP level 3. HP: 24/24 MP: 1/9
    80 | D        | Learned a level 3 spell: Stone Arrow
   142 | D        | Reached skill level 5 in Spellcasting
   142 | D        | Reached skill level 1 in Conjurations
   313 | D        | Noticed a scorpion
   316 | D        | Killed a scorpion
   317 | D        | Reached skill level 6 in Spellcasting
   317 | D        | Reached skill level 5 in Earth Magic
   317 | D        | Reached XP level 4. HP: 25/30 MP: 7/12
   353 | D        | Gained mutation: You occasionally shout uncontrollably at
                  | your foes. [potion of mutation]
   353 | D        | Gained mutation: Your mind is acute. (Int +2) [potion of
                  | mutation]
   354 | D        | Noticed a water elemental
   360 | D        | Killed a water elemental
   361 | D        | Reached XP level 5. HP: 7/35 MP: 10/14
   607 | D        | Found a radiant altar of Vehumet.
   607 | D        | Found a shimmering blue altar of Sif Muna.
   607 | D        | Found an ancient bone altar of Kikubaaqudgha.
   609 | D        | Reached skill level 7 in Spellcasting
   609 | D        | Reached skill level 5 in Conjurations
   610 | D        | Noticed an ice devil
   612 | D        | HP: 1/35 [ice devil[a kobold demonologist] (3)]
   612 | D        | Demolished by an ice devil

Illustrated notes

Levels and vault maps discovered:
D:        dungeon_sprint_mu [sprint_mu_entry_cave, sprint_mu_temple_rooms,
          sprint_mu_d1_spiders, sprint_mu_d2_genie, sprint_mu_d3_branching,
          sprint_mu_orc_legion, sprint_mu_elf_gauntlet, sprint_mu_hive_nellie,
          sprint_mu_lair_fedhas, sprint_mu_vaults_butterflies,
          sprint_mu_slime_circle, sprint_mu_swamp_cave, sprint_mu_shoals_kraken,
          sprint_mu_blade_basic, sprint_mu_crypt_fortress,
          sprint_mu_tomb_spiral, sprint_mu_vestibule_basic,
          sprint_mu_gehenna_hellfire, sprint_mu_dis_giant,
          sprint_mu_tartarus_statrot, sprint_mu_cocytus_islands, sprint_mu_zot1]

Skill      XL: |  1  2  3  4  5 |
---------------+----------------+-----
Earth Magic    | 4 5 6 |  6.4
Spellcasting   | 4 6 7 |  7.0
Conjurations   | 3 4 5 |  5.2
Dodging        | |  1.7
Stealth        | |  1.7
Transmutations | |  0.8

Action                   |  1- 3 |  4- 6 || total
-------------------------+-------+-------++-------
Melee: Unarmed           |     4 |       ||     4
 Cast: Sandblast         |    19 |     3 ||    22
       Stone Arrow       |       |     4 ||     4
  Use: Potion            |     1 |     1 ||     2
Armor: Robe              |     1 |       ||     1
Dodge: Dodged            |     9 |       ||     9

Table legend: (Time is in decaauts)
 A = Elapsed time spent in this place.
 B = Non-inter-level travel time spent in this place.
 C = Inter-level travel time spent in this place.
 D = Time resting spent in this place.
 E = Time spent auto-exploring this place.
 F = Levels seen in this place.
 G = Mean time per level.
                   A        B        C        D        E       F      G
               +--------+--------+--------+--------+--------+-----+--------+
         Total |    612 |    612 |      0 |    501 |      0 |   1 |  612.0 |
       Dungeon |    612 |    612 |      0 |    501 |      0 |   1 |  612.0 |
               +--------+--------+--------+--------+--------+-----+--------+

Top non-repeatable levels by time:
       D: 612 daAuts
